BR (22 & UNDER)
AMITY GARDENS WESTERNERS @ FORT COLLINS COMMONERS
08/23/2029
 
TOP OF THE 1ST
Amity Gardens Westerners batting - Pitching for Fort Collins Commoners : RHP Eugene Johnston
Pitching: RHP Eugene Johnston
Batting: RHB Pat Johnston 0-0: Ball
1-0: Ball
2-0: Ball
3-0: Called Strike
3-1: Called Strike
3-2: Single, Error in OF, E7, batter to second base
Batting: LHB Jack Mitchell 0-0: Ball
1-0: Ground out U3 (Groundball, 3)
Pat Johnston to third
Batting: SHB Chris Barrett 0-0: Ball
1-0: Ball
2-0: Foul Ball, location: 2F
2-1: Ground out 6-3 (Groundball, 56)
Pat Johnston scores
Batting: RHB Carlos Dumenigo 0-0: Swinging Strike
0-1: Swinging Strike
0-2: Ball
1-2: Strikes out swinging
Top of the 1st over - 1 run, 1 hit, 1 error, 0 left on base; Amity Gardens 1 - Fort Collins 0
BOTTOM OF THE 1ST
Fort Collins Commoners batting - Pitching for Amity Gardens Westerners : RHP Jake Brennan
Pitching: RHP Jake Brennan
Batting: LHB Matt Taylor 0-0: Called Strike
0-1: DOUBLE (Line Drive, 9LM)
Batting: RHB António Díaz 0-0: SINGLE (Groundball, 56D)
Matt Taylor to third
Batting: LHB Paul Lee 0-0: Called Strike
0-1: Ball
1-1: Ball
2-1: SINGLE (Line Drive, 9S)
Matt Taylor scores
António Díaz to second
Runner from 2nd tries for 3rd, SAFE, no throw
Batting: RHB David Brady 0-0: Ball
1-0: Ball
2-0: Called Strike
2-1: Ball
3-1: Fly out, F7 (Line Drive, 7)
Batting: LHB Caleb Ruíz 0-0: Called Strike
0-1: Ball
1-1: Grounds into double play, 4-6-3 (Groundball, 34D)
Bottom of the 1st over - 1 run, 3 hits, 0 errors, 1 left on base; Amity Gardens 1 - Fort Collins 1
TOP OF THE 2ND
Amity Gardens Westerners batting - Pitching for Fort Collins Commoners : RHP Eugene Johnston
Batting: RHB Jonathon García 0-0: Ball
1-0: Foul Ball, location: 2F
1-1: Ball
2-1: Called Strike
2-2: Ball
3-2: Ground out U3 (Groundball, 3L)
Batting: RHB Justin Tomlinson 0-0: Ball
1-0: Called Strike
1-1: Foul Ball, location: 2F
1-2: Strikes out swinging
Batting: RHB Alfonso Flores 0-0: Foul Ball, location: 2F
0-1: Ball
1-1: Foul Ball, location: 2F
1-2: Strikes out swinging
Top of the 2nd over - 0 runs, 0 hits, 0 errors, 0 left on base; Amity Gardens 1 - Fort Collins 1
BOTTOM OF THE 2ND
Fort Collins Commoners batting - Pitching for Amity Gardens Westerners : RHP Jake Brennan
Batting: RHB Ismael Rodríguez 0-0: Foul Ball, location: 2F
0-1: Fly out, F8 (Line Drive, 8LM)
Batting: RHB Shawn López 0-0: Ball
1-0: Fly out, F8 (Flyball, 8RD)
Batting: SHB Paul Davenport 0-0: Ball
1-0: Foul Ball, location: 2F
1-1: Ball
2-1: SINGLE (Flyball, 89M)
Batting: RHB António Rodríguez 0-0: Ball
1-0: Ball
2-0: Foul Ball, location: 2F
2-1: Called Strike
2-2: Fielders Choice at 2nd, 6-4 (Groundball, 6)
Bottom of the 2nd over - 0 runs, 1 hit, 0 errors, 1 left on base; Amity Gardens 1 - Fort Collins 1
TOP OF THE 3RD
Amity Gardens Westerners batting - Pitching for Fort Collins Commoners : RHP Eugene Johnston
Batting: RHB Jorge García 0-0: Called Strike
0-1: Ball
1-1: Called Strike
1-2: SINGLE (Line Drive, 8LS)
Batting: RHB Peng Shuai 0-0: Ball
1-0: Fly out, F7 (Flyball, 78D)
Batting: RHB Pat Johnston 0-0: Ball
1-0: Ball
2-0: Ball
3-0: Called Strike
3-1: SINGLE (Line Drive, 8LS)
Jorge García to second
Batting: LHB Jack Mitchell 0-0: Foul Ball, location: 2F
0-1: Called Strike
0-2: Strikes out looking
Batting: SHB Chris Barrett 0-0: Called Strike
0-1: Ground out 1-3 (Groundball, 13)
Top of the 3rd over - 0 runs, 2 hits, 0 errors, 2 left on base; Amity Gardens 1 - Fort Collins 1
BOTTOM OF THE 3RD
Fort Collins Commoners batting - Pitching for Amity Gardens Westerners : RHP Jake Brennan
Batting: LHB Matt Taylor 0-0: Ball
1-0: Called Strike
1-1: Called Strike
1-2: Ball
2-2: Strikes out swinging
Batting: RHB António Díaz 0-0: Ball
1-0: Ball
2-0: Ball
3-0: Called Strike
3-1: Base on Balls
Batting: LHB Paul Lee 0-0: Ball
1-0: Called Strike
1-1: Fly out, F7 (Flyball, 7S)
Batting: RHB David Brady 0-0: Ball
1-0: Ball
2-0: Called Strike
2-1: Foul Ball, location: 2F
2-2: Fly out, F4 (Popup, 4)
Bottom of the 3rd over - 0 runs, 0 hits, 0 errors, 1 left on base; Amity Gardens 1 - Fort Collins 1
TOP OF THE 4TH
Amity Gardens Westerners batting - Pitching for Fort Collins Commoners : RHP Eugene Johnston
Batting: RHB Carlos Dumenigo 0-0: Ball
1-0: Called Strike
1-1: Foul Ball, location: 2F
1-2: Ball
2-2: Foul Ball, location: 2F
2-2: Fly out, F7 (Flyball, 78S)
Batting: RHB Jonathon García 0-0: Ball
1-0: Ball
2-0: Foul Ball, location: 2F
2-1: Fly out, F4 (Popup, 23)
Batting: RHB Justin Tomlinson 0-0: Ball
1-0: DOUBLE (Line Drive, 7LM)
Batting: RHB Alfonso Flores 0-0: DOUBLE (Line Drive, 78D)
Justin Tomlinson scores
Batting: RHB Jorge García 0-0: Ball
1-0: Ball
2-0: Foul Ball, location: 2F
2-1: Foul Ball, location: 2F
2-2: Ball
3-2: SINGLE (Groundball, 56D)
Alfonso Flores to third
Alfonso Flores scores
Batting: RHB Peng Shuai 0-0: Called Strike
0-1: Ball
1-1: Ball
2-1: Foul Ball, location: 2F
2-2: Strikes out swinging
Top of the 4th over - 2 runs, 3 hits, 0 errors, 1 left on base; Amity Gardens 3 - Fort Collins 1
BOTTOM OF THE 4TH
Fort Collins Commoners batting - Pitching for Amity Gardens Westerners : RHP Jake Brennan
Batting: LHB Caleb Ruíz 0-0: SOLO HOME RUN (Flyball, 9LD), Distance : 370 ft
Batting: RHB Ismael Rodríguez 0-0: Called Strike
0-1: Foul Ball, location: 2F
0-2: Ball
1-2: Ball
2-2: Foul Ball, location: 2F
2-2: Ball
3-2: Ground out 6-3 (Groundball, 6)
Batting: RHB Shawn López 0-0: Foul Ball, location: 2F
0-1: Fly out, F8 (Flyball, 8LS)
Batting: SHB Paul Davenport 0-0: Foul Ball, location: 2F
0-1: Swinging Strike
0-2: Ground out 6-3 (Groundball, 4M)
Bottom of the 4th over - 1 run, 1 hit, 0 errors, 0 left on base; Amity Gardens 3 - Fort Collins 2
TOP OF THE 5TH
Amity Gardens Westerners batting - Pitching for Fort Collins Commoners : RHP Eugene Johnston
Batting: RHB Pat Johnston 0-0: Called Strike
0-1: Ball
1-1: Ball
2-1: Foul Ball, location: 2F
2-2: Foul Ball, location: 2F
2-2: Strikes out looking
Batting: LHB Jack Mitchell 0-0: SINGLE (Groundball, 4) (infield hit)
Batting: SHB Chris Barrett 0-0: Ball
Wild Pitch!
Jack Mitchell to second
1-0: Intentional Walk
Batting: RHB Carlos Dumenigo 0-0: Called Strike
0-1: Called Strike
0-2: Strikes out looking
Batting: RHB Jonathon García 0-0: Ball
1-0: Called Strike
1-1: Called Strike
1-2: DOUBLE (Line Drive, 7D)
Jack Mitchell scores
Chris Barrett to third
Batting: RHB Justin Tomlinson 0-0: Foul Ball, location: 2F
0-1: Foul Ball, location: 2F
0-2: DOUBLE (Flyball, 8RXD)
Chris Barrett scores
Jonathon García scores
Batting: RHB Alfonso Flores 0-0: DOUBLE (Line Drive, 78XD)
Justin Tomlinson scores
Pitching: LHP Paul Carson
Batting: RHB Jorge García 0-0: Ball
1-0: Called Strike
1-1: Swinging Strike
1-2: Ball
2-2: Foul Ball, location: 2F
2-2: Strikes out swinging
Top of the 5th over - 4 runs, 4 hits, 0 errors, 1 left on base; Amity Gardens 7 - Fort Collins 2
BOTTOM OF THE 5TH
Fort Collins Commoners batting - Pitching for Amity Gardens Westerners : RHP Jake Brennan
Batting: RHB António Rodríguez 0-0: Ball
1-0: Called Strike
1-1: Fly out, F7 (Flyball, 7)
Batting: LHB Matt Taylor 0-0: Swinging Strike
0-1: Ground out 4-3 (Groundball, 4D)
Batting: RHB António Díaz 0-0: Called Strike
0-1: Fly out, F9 (Flyball, 89D)
Bottom of the 5th over - 0 runs, 0 hits, 0 errors, 0 left on base; Amity Gardens 7 - Fort Collins 2
TOP OF THE 6TH
Amity Gardens Westerners batting - Pitching for Fort Collins Commoners : LHP Paul Carson
Batting: RHB Peng Shuai 0-0: Ball
1-0: Swinging Strike
1-1: Ground out 5-3 (Groundball, 56S)
Batting: RHB Pat Johnston 0-0: Called Strike
0-1: Called Strike
0-2: Foul Ball, location: 2F
0-2: Strikes out looking
Batting: LHB Jack Mitchell 0-0: Called Strike
0-1: Foul Ball, location: 2F
0-2: Ball
1-2: Ball
2-2: Fly out, F7 (Line Drive, 7)
Top of the 6th over - 0 runs, 0 hits, 0 errors, 0 left on base; Amity Gardens 7 - Fort Collins 2
BOTTOM OF THE 6TH
Fort Collins Commoners batting - Pitching for Amity Gardens Westerners : RHP Jake Brennan
Batting: LHB Paul Lee 0-0: Ball
1-0: Called Strike
1-1: Ball
2-1: Ball
3-1: Swinging Strike
3-2: Foul Ball, location: 2F
3-2: SOLO HOME RUN (Flyball, 89XD), Distance : 410 ft
Batting: RHB David Brady 0-0: Ball
1-0: Called Strike
1-1: Ball
2-1: Swinging Strike
2-2: Ball
3-2: Foul Ball, location: 2F
3-2: Foul Ball, location: 2F
3-2: Base on Balls
Batting: LHB Caleb Ruíz 0-0: Ball
1-0: SINGLE (Groundball, 6M) (infield hit)
David Brady to second
Batting: RHB Ismael Rodríguez 0-0: Foul Ball, location: 2F
0-1: Ball
1-1: Foul Ball, location: 2F
1-2: Foul Ball, location: 2F
1-2: Strikes out swinging
Batting: RHB Shawn López 0-0: Called Strike
0-1: Ball
1-1: Ball
2-1: Ball
3-1: Base on Balls
David Brady to third
Caleb Ruíz to second
Batting: SHB Paul Davenport 0-0: Ball
1-0: Foul Ball, location: 2F
1-1: SINGLE (Flyball, 78S)
David Brady scores
Caleb Ruíz to third
Shawn López to second
Batting: RHB António Rodríguez 0-0: Called Strike
0-1: Called Strike
0-2: Ball
1-2: Foul Ball, location: 2F
1-2: Strikes out looking
Batting: LHB Matt Taylor 0-0: Ball
1-0: Called Strike
1-1: Ground out 4-3 (Groundball, 4)
Bottom of the 6th over - 2 runs, 3 hits, 0 errors, 3 left on base; Amity Gardens 7 - Fort Collins 4
TOP OF THE 7TH
Amity Gardens Westerners batting - Pitching for Fort Collins Commoners : LHP Paul Carson
Batting: SHB Chris Barrett 0-0: Ball
1-0: Ball
2-0: Ball
3-0: Called Strike
3-1: Swinging Strike
3-2: Base on Balls
Batting: RHB Carlos Dumenigo 0-0: Fly out, F4 (Popup, 4)
Batting: RHB Jonathon García 0-0: Ball
1-0: Ball
2-0: Grounds into double play, 4-6-3 (Groundball, 4)
Top of the 7th over - 0 runs, 0 hits, 0 errors, 0 left on base; Amity Gardens 7 - Fort Collins 4
BOTTOM OF THE 7TH
Fort Collins Commoners batting - Pitching for Amity Gardens Westerners : RHP Jake Brennan
Now in LF: William Ewing
Batting: RHB António Díaz 0-0: Called Strike
0-1: Swinging Strike
0-2: Ball
1-2: Fly out, F9 (Line Drive, 9)
Batting: LHB Paul Lee 0-0: Ball
1-0: Ball
2-0: Foul Ball, location: 2F
2-1: Fly out, F8 (Flyball, 8RXD)
Batting: RHB David Brady 0-0: Ball
1-0: Foul Ball, location: 2F
1-1: Ball
2-1: Ball
3-1: Reached on error, E6 (Groundball, 6)
Pitching: RHP Rafael Costello
Batting: LHB Caleb Ruíz 0-0: Called Strike
0-1: Swinging Strike
0-2: Strikes out swinging
Bottom of the 7th over - 0 runs, 0 hits, 1 error, 1 left on base; Amity Gardens 7 - Fort Collins 4
TOP OF THE 8TH
Amity Gardens Westerners batting - Pitching for Fort Collins Commoners : LHP Paul Carson
Batting: RHB Justin Tomlinson 0-0: Called Strike
0-1: Called Strike
0-2: Ball
1-2: Foul Ball, location: 2F
1-2: Foul Ball, location: 2F
1-2: Foul Ball, location: 2F
1-2: Foul Ball, location: 2F
1-2: Ball
2-2: Ball
3-2: Fly out, F7 (Flyball, 78D)
Batting: RHB Alfonso Flores 0-0: Called Strike
0-1: SINGLE (Groundball, 56D)
Batting: RHB Jorge García 0-0: Ball
1-0: Ball
2-0: Ball
3-0: Called Strike
3-1: Base on Balls
Alfonso Flores to second
Batting: RHB Peng Shuai 0-0: Reached via error on a dropped throw, E6
Alfonso Flores to third
Jorge García to second
Batting: RHB Pat Johnston 0-0: Ball
1-0: Ball
2-0: Called Strike
2-1: Swinging Strike
2-2: Foul Ball, location: 2F
2-2: Strikes out looking
Pinch Hitting: RHB Xavier Silva 0-0: Ball
1-0: Ball
2-0: Ball
Wild Pitch!
Alfonso Flores scores
Jorge García to third
Peng Shuai to second
3-0: Called Strike
3-1: Called Strike
3-2: Ground out 6-3 (Groundball, 56)
Top of the 8th over - 1 run, 1 hit, 1 error, 2 left on base; Amity Gardens 8 - Fort Collins 4
BOTTOM OF THE 8TH
Fort Collins Commoners batting - Pitching for Amity Gardens Westerners : RHP Rafael Costello
Now in LF: Josh Bergman
Batting: RHB Ismael Rodríguez 0-0: Called Strike
0-1: Ball
1-1: Fly out, F8 (Flyball, 8LXD)
Batting: RHB Shawn López 0-0: Foul Ball, location: 2F
0-1: Swinging Strike
0-2: Fly out, F8 (Flyball, 8RM)
Batting: SHB Paul Davenport 0-0: SINGLE (Flyball, 9S)
Batting: RHB António Rodríguez 0-0: Fielders Choice at 2nd, 5-4 (Groundball, 56)
Bottom of the 8th over - 0 runs, 1 hit, 0 errors, 1 left on base; Amity Gardens 8 - Fort Collins 4
TOP OF THE 9TH
Amity Gardens Westerners batting - Pitching for Fort Collins Commoners : LHP Paul Carson
Batting: SHB Chris Barrett 0-0: Ground out 4-3 (Groundball, 4)
Batting: RHB Carlos Dumenigo 0-0: Ball
1-0: Called Strike
1-1: Ground out U3 (Groundball, 3S)
Batting: RHB Jonathon García 0-0: Ball
1-0: Ball
2-0: Called Strike
2-1: Fly out, F3 (Popup, 3SF)
Top of the 9th over - 0 runs, 0 hits, 0 errors, 0 left on base; Amity Gardens 8 - Fort Collins 4
BOTTOM OF THE 9TH
Fort Collins Commoners batting - Pitching for Amity Gardens Westerners : RHP Rafael Costello
Pitching: RHP Franklin Booth
Batting: LHB Matt Taylor 0-0: Called Strike
0-1: Ball
1-1: Foul Ball, location: 2F
1-2: Ball
2-2: Ground out 6-3 (Groundball, 6)
Batting: RHB António Díaz 0-0: Ball
1-0: Ball
2-0: Ball
3-0: Called Strike
3-1: Base on Balls
Batting: LHB Paul Lee 0-0: Ball
1-0: SINGLE (Line Drive, 7)
António Díaz to second
Batting: RHB David Brady 0-0: Called Strike
0-1: Fly out, F4 (Popup, 4M)
Batting: LHB Caleb Ruíz 0-0: Ball
1-0: Called Strike
1-1: Hit by Pitch
António Díaz to third
Paul Lee to second
Batting: RHB Ismael Rodríguez 0-0: Ball
1-0: Foul Ball, location: 2F
1-1: Called Strike
1-2: Strikes out swinging
Bottom of the 9th over - 0 runs, 1 hit, 0 errors, 3 left on base; Amity Gardens 8 - Fort Collins 4
Saturday, December 16th, 2017 - OOTP Baseball 18.8 Build 76